 Dungeon Crawl Stone Soup version 0.26.1-2-gb8aa6d0 (webtiles) character file.

Game seed: 3060045454734661812

632032 CopperMask the Impregnable (level 26, 0/220 HPs)
             Began as a Minotaur Fighter on July 2, 2021.
             Was the Champion of Okawaru.
             Slain by a guardian mummy (4 damage)
             ... on level 3 of the Tomb of the Ancients on July 5, 2021.
             The game lasted 11:02:32 (70198 turns).

CopperMask the Impregnable (Minotaur Fighter)      Turns: 70198, Time: 11:02:33

Health: 0/220      AC: 33    Str: 30    XL:     26   Next: 81%
Magic:  33/33      EV: 30    Int: 24    God:    Okawaru [******]
Gold:   7838       SH: 25    Dex: 29    Spells: 31/36 levels left

rFire    + . .     SeeInvis .   g - +2 broad axe "Plog" {vamp, Int+4}
rCold    . . .     Faith    .   t - +2 kite shield of Jiunluhi {rPois Int+8 Dex+3 Stlth-}
rNeg     + + +     Spirit   .   s - +6 chain mail {Will+}
rPois    +         Reflect  +   l - +2 hat {Will+}
rElec    +         Harm     .   C - scarf {rC+ rF+} {rC+ rF+}
rCorr    .         Rampage  .   e - +2 pair of gloves {Dex+3}
Will     +++..     Rnd*Rage +   X - +4 pair of boots of Discretion {rN+ Regen+ Str+2}
Stlth    ..........             r - amulet of reflection
HPRegen  0.86/turn              A - ring of Conformity {rElec rPois rC- rN+ Dex+6}
MPRegen  0.23/turn              N - ring of the Unkillable {*Slow rElec rN+ Str+6 Int+5}

@: about to teleport, slowed, very slow
A: retaliatory headbutt, claws 1, horns 2, berserk 1, blink, frail 1, poison
resistance, weak 1
}: 4/15 runes: decaying, slimy, silver, gossamer
a: Blink, Renounce Religion, Heroism, Finesse


You were on level 3 of the Tomb of the Ancients.
You worshipped Okawaru.
Okawaru was exalted by your worship.
You visited 11 branches of the dungeon, and saw 49 of its levels.
You visited 1 bazaar.
You also visited: Sewer and Ice Cave.

You collected 9132 gold pieces.
You spent 1294 gold pieces at shops.


Innate Abilities, Weirdness & Mutations

You reflexively headbutt those who attack you in melee.
You have a pair of horns on your head.
You have sharp fingernails.
You tend to lose your temper in combat.
You can translocate small distances at will.
You are frail. (-10% HP)
Your system is resistant to poisons. (rPois)
You are weak. (Str -2)


   Skills:
 + Level 21.6 Fighting
 - Level 3.9 Short Blades
 - Level 19.6(21.7) Axes
 - Level 15.8(20.0) Maces & Flails
 - Level 7.8(15.6) Polearms
 - Level 7.8(13.6) Staves
 - Level 11.8 Crossbows
 - Level 2.0 Throwing
 + Level 21.7 Armour
 + Level 20.9 Dodging
 - Level 6.2 Stealth
 - Level 17.8 Shields
 - Level 5.5 Spellcasting
 - Level 6.0 Air Magic
 - Level 15.2 Invocations
 - Level 9.9 Evocations


You had 31 spell levels left.
You knew the following spells:

 Your Spells              Type           Power        Failure   Level
a - Silence               Hex/Air        10%          86%         5

Your spell library contained the following spells:

 Spells                   Type           Power        Failure   Level
 Swiftness                Air            35%          2%          2
 Shock                    Conj/Air       84%          6%          1
 Corpse Rot               Necr/Air       N/A          9%          2
 Poisonous Vapours        Pois/Air       42%          9%          2
 Airstrike                Air            17%          17%         4
 Static Discharge         Conj/Air       21%          19%         3
 Apportation              Tloc           12%          21%         1
 Beastly Appendage        Tmut           12%          21%         1
 Corona                   Hex            6%           21%         1
 Foxfire                  Conj/Fire      24%          21%         1
 Freeze                   Ice            24%          21%         1
 Pain                     Necr           24%          21%         1
 Sting                    Tmut/Pois      24%          21%         1
 Summon Small Mammal      Summ           24%          21%         1
 Mephitic Cloud           Conj/Pois/Air  16%          26%         3
 Call Imp                 Summ           6%           30%         2
 Ensorcelled Hibernation  Hex/Ice        12%          30%         2
 Passwall                 Tmut/Erth      5%           30%         2
 Slow                     Hex            6%           30%         2
 Sublimation of Blood     Necr           3%           30%         2
 Wereblood                Tmut           6%           30%         2
 Call Canine Familiar     Summ           6%           52%         3
 Confusing Touch          Hex            6%           52%         3
 Conjure Flame            Conj/Fire      6%           52%         3
 Dazzling Flash           Conj/Hex       12%          52%         3
 Frozen Ramparts          Ice            12%          52%         3
 Gell's Gravitas          Tloc           3%           52%         3
 Ignite Poison            Fire/Tmut/Pois 6%           52%         3
 Inner Flame              Hex/Fire       6%           52%         3
 Lesser Beckoning         Tloc           3%           52%         3
 Ozocubu's Armour         Ice            6%           52%         3
 Portal Projectile        Hex/Tloc       12%          52%         3
 Spider Form              Tmut/Pois      3%           52%         3
 Summon Guardian Golem    Hex/Summ       6%           52%         3
 Tukima's Dance           Hex            6%           52%         3
 Summon Lightning Spire   Summ/Air       21%          52%         4
 Lightning Bolt           Conj/Air       10%          86%         5
 Animate Dead             Necr           3%           90%         4
 Cause Fear               Hex            3%           90%         4
 Dispel Undead            Necr           6%           90%         4
 Hailstorm                Conj/Ice       6%           90%         4
 Ice Form                 Ice/Tmut       6%           90%         4
 Iskenderun's Mystic Bla  Conj/Tloc      6%           90%         4
 Leda's Liquefaction      Hex/Erth       3%           90%         4
 Olgreb's Toxic Radiance  Pois           6%           90%         4
 Petrify                  Tmut/Erth      6%           90%         4
 Summon Ice Beast         Ice/Summ       6%           90%         4
 Agony                    Necr           6%           99%         5
 Alistair's Intoxication  Tmut/Pois      4%           99%         5
 Blade Hands              Tmut           3%           99%         5
 Bolt of Magma            Conj/Fire/Erth 3%           99%         5
 Borgnjor's Vile Clutch   Necr/Erth      3%           99%         5
 Excruciating Wounds      Necr           3%           99%         5
 Fireball                 Conj/Fire      3%           99%         5
 Irradiate                Conj/Tmut      3%           99%         5
 Iskenderun's Battlesphe  Conj           6%           99%         5
 Metabolic Englaciation   Hex/Ice        3%           99%         5
 Summon Forest            Summ/Tloc      3%           99%         5
 Yara's Violent Unravell  Hex/Tmut       3%           99%         5
 Conjure Ball Lightning   Conj/Air       10%          100%        6
 Death Channel            Necr           3%           100%        6
 Eringya's Noxious Bog    Tmut/Pois      3%           100%        6
 Freezing Cloud           Conj/Ice/Air   8%           100%        6
 Hydra Form               Tmut           3%           100%        6
 Invisibility             Hex            6%           100%        6
 Iron Shot                Conj/Erth      3%           100%        6
 Simulacrum               Ice/Necr       3%           100%        6
 Starburst                Conj/Fire      3%           100%        6
 Statue Form              Tmut/Erth      4%           100%        6
 Dragon Form              Tmut           3%           100%        7
 Orb of Destruction       Conj           3%           100%        7
 Spellforged Servitor     Conj/Summ      3%           100%        7
 Discord                  Hex            3%           100%        8
 Disjunction              Tloc           3%           100%        8
 Ignition                 Fire           3%           100%        8
 Dragon's Call            Summ           3%           100%        9
 Tornado                  Air            17%          100%        9

Inventory:

Hand Weapons
 a - the +12 war axe "Jusaxeul" {flame, +Inv Dex+5}
   (Okawaru gifted it to you on level 5 of the Vaults)

   It has been specially enchanted to burn those struck by it, causing extra
   injury to most foes and up to half again as much damage against particularly
   susceptible opponents.
   Big, fiery blades are also staple armaments of hydra-hunters.
   It affects your dexterity (+5).
   It lets you turn invisible.
 b - the +5 hand crossbow of the Pariah {elec, rN+ Will+}
   (You found it on level 2 of the Spider Nest)

   It charges the ammunition it shoots with electricity; occasionally upon a
   hit, such missiles may discharge and cause terrible harm.
   It protects you from negative energy.
   It affects your willpower, your defense against some magical effects.
 g - the +2 broad axe "Plog" (weapon) {vamp, Int+4}
   (Okawaru gifted it to you in an ice cave)

   It inflicts no extra harm, but heals its wielder when it wounds a living foe.
   It affects your intelligence (+4).
 j - the +7 sceptre of Torment {pain, torment}
   (You took it off a deep elf mage on level 3 of the Elven Halls)

   In the hands of one skilled in necromantic magic, it inflicts extra damage on
   living creatures.
 q - a +2 war axe of holy wrath
 w - the +5 war axe "Xietz" {venom, Dex+3}
   (You found it on level 1 of the Spider Nest)

   It poisons the flesh of those it strikes.
   It affects your dexterity (+3).
 G - the +1 dire flail "Hiyrit" {antimagic, rN+ Will+}
   (You found it on level 5 of the Pits of Slime)

   It reduces the magical energy of the wielder, and disrupts the spells and
   magical abilities of those hit.
   Natural abilities and divine invocations are not affected.
   It protects you from negative energy.
   It affects your willpower, your defense against some magical effects.
 I - the +9 broad axe of Arbitration {flame, *Contam +Fly rC++ Str+3}
   (You found it on level 5 of the Vaults)

   It has been specially enchanted to burn those struck by it, causing extra
   injury to most foes and up to half again as much damage against particularly
   susceptible opponents.
   Big, fiery blades are also staple armaments of hydra-hunters.
   It affects your strength (+3).
   It greatly protects you from cold.
   It lets you fly.
   It causes magical contamination when unequipped.
 Z - the +7 hand axe "No More Talking" {vamp, Str+6}
   (Okawaru gifted it to you on level 3 of the Vaults)

   It inflicts no extra harm, but heals its wielder when it wounds a living foe.
   It affects your strength (+6).
Missiles
 x - 120 poisoned darts (quivered)
 y - 1366 bolts
 D - 23 curare-tipped darts
 O - 3 atropa-tipped darts
Armour
 c - a +3 ring mail of positive energy
 e - a +2 pair of gloves of dexterity (worn)
 l - a +2 hat of willpower (worn)
 o - +1 gold dragon scales
 s - a +6 chain mail of willpower (worn)
 t - the +2 kite shield of Jiunluhi (worn) {rPois Int+8 Dex+3 Stlth-}
   (Okawaru gifted it to you on level 1 of the Lair of Beasts)

   It affects your intelligence (+8).
   It affects your dexterity (+3).
   It protects you from poison.
   It makes you less stealthy.
 C - a scarf of resistance (worn) {rC+ rF+}
 Q - the +1 pair of gloves "Ycsiumu" {rC+ Int+6}
   (Okawaru gifted it to you on level 3 of the Crypt)

   It affects your intelligence (+6).
   It protects you from cold.
 X - the +4 pair of boots of Discretion (worn) {rN+ Regen+ Str+2}
   (Okawaru gifted it to you on level 13 of the Dungeon)

   It affects your strength (+2).
   It protects you from negative energy.
   It increases your rate of regeneration.
Jewellery
 r - an amulet of reflection (around neck)
 u - the ring of Xom's Entertainment {+Fly MP-9 Str+7 Dex+9 Slay+3}
   (You found it on level 5 of the Lair of Beasts)

   [ring of flight]

   It affects your strength (+7).
   It affects your dexterity (+9).
   It affects your accuracy and damage with ranged weapons and melee attacks
   (+3).
   It affects your magic capacity (-9).
   It lets you fly.
 A - the ring of Conformity (left hand) {rElec rPois rC- rN+ Dex+6}
   (You took it off a deep elf mage on level 3 of the Elven Halls)

   [ring of dexterity]

   It affects your dexterity (+6).
   It makes you vulnerable to cold.
   It insulates you from electricity.
   It protects you from poison.
   It protects you from negative energy.
 M - an uncursed ring of willpower
 N - the ring of the Unkillable (right hand) {*Slow rElec rN+ Str+6 Int+5}
   (You took it off a deep elf archer on level 3 of the Elven Halls)

   [ring of strength]

   It affects your strength (+6).
   It affects your intelligence (+5).
   It insulates you from electricity.
   It protects you from negative energy.
   It may slow you when you take damage.
 S - an uncursed ring of see invisible
 V - an uncursed ring of protection from fire
 W - the ring "Exeunteb" {rC+ rCorr Str+4}
   (You found it on level 5 of the Vaults)

   [ring of resist corrosion]

   It affects your strength (+4).
   It protects you from cold.
   It provides partial protection from all sources of acid and corrosion.
Wands
 H - a wand of polymorph (6)
 L - a wand of paralysis (17)
 R - a wand of acid (33)
 Y - a wand of digging (15)
Scrolls
 f - 12 scrolls of identify
 h - 7 scrolls of magic mapping
 i - 11 scrolls of fear
 m - 21 scrolls of remove curse
 n - 13 scrolls of teleportation
 v - 6 scrolls of enchant armour
 B - 10 scrolls of blinking
 J - 7 scrolls of fog
 U - a scroll of holy word
Potions
 d - 2 potions of might
 k - 7 potions of flight
 p - 2 potions of cancellation
 z - 3 potions of invisibility
 E - a potion of brilliance
 F - 10 potions of curing
 K - 3 potions of haste
 P - 6 potions of resistance
 T - 2 potions of mutation {!q}


Message History

You slice the mummy priest!! You burn the mummy priest!
The mummy priest is almost destroyed.
You block the mummy priest's attack.
You slash the mummy priest! You burn the mummy priest.
You destroy the mummy priest!
Okawaru accepts your kill.
You feel extremely nervous for a moment...
You feel horribly lethargic.
You feel yourself slow down.
There is an open door here.
Found a one-way staircase leading down.
You feel yourself speed up.
There is a one-way staircase leading down here.
You slide downwards.
The hatch slams shut behind you. 2 guardian mummies, an ancient champion and 3 ushabtiu come into view.
The ancient champion is wielding a +2 great sword of flaming.
The ushabti shakes and rattles.
The vile air hits you but does no damage.
The ushabti shakes and rattles.
The vile air hits the guardian mummy.
The vile air hits you but does no damage.
A mummy comes into view.
The ushabti shakes and rattles deafeningly!
You hear a hideous shriek! x2; You hear a shout!
You hear a hideous shriek! x2
A bennu comes into view.
The ancient champion completely misses you.
You furiously retaliate!
You headbutt the ancient champion, but do no damage.
A skeletal warrior comes into view. It is wielding a +2 trident.
You block the guardian mummy's attack. The ushabti barely misses you.
An ancient champion comes into view.
It is wielding a +2 battleaxe of freezing.
The bennu screeches!
You slash the ushabti! You burn the ushabti. You headbutt the ushabti.
The ushabti is heavily damaged.
You hit the ancient champion but do no damage.
You slash the guardian mummy! You burn the guardian mummy.
A guardian mummy comes into view. x3; An ushabti comes into view. x2
You block the guardian mummy's attack. You block the ushabti's attack.
An ushabti comes into view.
The ushabti shakes and rattles deafeningly!
The ushabti shakes and rattles.
The vile air hits the ushabti but does no damage.
The vile air hits the ushabti.
The vile air hits you.
A mummy comes into view.
The ushabti shakes and rattles deafeningly!
You block the guardian mummy's attack.
An ushabti comes into view.
You hear a hideous shriek! x2; You hear a screech!
You hear a hideous shriek! x4
You open the door. 3 flying skulls and a zombie come into view.
You are engulfed in dark miasma.
The flying skull gives a hideous shriek! x2
You hear a hideous shriek!
A flying skull comes into view.
The ushabti shakes and rattles deafeningly! x2
A flying skull comes into view.
The ancient champion hits you but does no damage.
The ushabti shakes and rattles deafeningly!
The flying skull moves out of view. x2
Found 242 gold pieces, a rapier and 13 arrows.
A flying skull comes into view.
A guardian mummy opens the door.
You block the ancient champion's attack.
Found a one-way staircase leading up.
You slice the flying skull!! You burn the flying skull.
You destroy the flying skull!
Okawaru accepts your kill.
You slash the ushabti! You burn the ushabti.
You hit the ancient champion but do no damage.
The ushabti shakes and rattles deafeningly!
The ushabti shakes and rattles.
The vile air hits the ancient champion but does no damage.
The vile air hits you but does no damage.
The ushabti shakes and rattles deafeningly! x3
You hear a hideous shriek!
You slash the swamp dragon zombie! You burn the swamp dragon zombie.
You headbutt the swamp dragon zombie, but do no damage.
The swamp dragon zombie is lightly damaged.
You hit the ancient champion but do no damage.
You slice the ushabti!! You burn the ushabti.
You destroy the ushabti!
Okawaru accepts your kill.
You are engulfed in dark miasma.
You are poisoned.
You feel sick.
A mummy comes into view.
You block the ancient champion's attack.
A skeletal warrior comes into view. It is wielding a +0 war axe.
A guardian mummy comes into view.
You gain the combat prowess of a mighty hero.
You are engulfed in dark miasma.
You are more poisoned.
You feel very sick. You block the bennu's attack.
The bennu completely misses you. The bennu claws you!
The ushabti shakes and rattles deafeningly!
The ushabti shakes and rattles.
The vile air hits the mummy.
The vile air hits the ancient champion but does no damage.
The vile air hits you but does no damage.
The ushabti shakes and rattles deafeningly!
A guardian mummy comes into view.
An ushabti comes into view.
You block the bennu's attack. The bennu barely misses you.
You block the bennu's attack.
The ancient champion hits you but does no damage.
You feel very sick.
The bennu jubilantly flits about.
You block the bennu's attack. x3
A mummy priest comes into view.
A mummy comes into view.
The ushabti shakes and rattles.
The vile air hits the ushabti but does no damage. x2
The vile air hits the ancient champion.
The vile air hits you but does no damage.
The ushabti shakes and rattles.
The vile air hits the ancient champion but does no damage.
The vile air hits you but does no damage.
The ushabti shakes and rattles deafeningly!
A mummy priest comes into view.
The bennu closely misses you. The bennu completely misses you. x2
You hear a hideous shriek!
You hear a shout!
You hear a hideous shriek!
Okay, then.
As you read the scroll of teleportation, it crumbles to dust.
You feel strangely unstable.
You are engulfed in dark miasma.
You feel yourself slow down.
You feel sick. You block the flying skull's attack.
You block the bennu's attack. The bennu claws you! The bennu claws you.
The ancient champion misses you.
The ushabti shakes and rattles deafeningly!
The mummy priest calls on the powers of darkness!
The bennu convulses!
Your body is wracked with pain!
You block the ancient champion's attack.
You hear a shout!
You feel very mighty all of a sudden.
You are engulfed in dark miasma.
You feel as though you will be slow longer.
You feel very sick. The bennu completely misses you. You furiously retaliate!
You headbutt the bennu!! You block the bennu's attack. x2
The flying skull completely misses you. You furiously retaliate!
You headbutt the flying skull!
The skeletal warrior completely misses you.
The bennu completely misses you. You furiously retaliate!
You headbutt the bennu! You block the bennu's attack. The bennu claws you.
An ushabti comes into view.
The flying skull completely misses you. You furiously retaliate!
You headbutt the flying skull!
You block the ancient champion's attack.
The ushabti shakes and rattles deafeningly!
The mummy priest calls on the powers of darkness!
The bennu convulses!
Your body is wracked with pain!
The ushabti shakes and rattles deafeningly!
The ancient champion points at you and mumbles some strange words.
The bolt of negative energy misses you.
The skeletal warrior closely misses you.
The ushabti shakes and rattles deafeningly! x2
The bennu pecks you but does no damage. The bennu barely misses you.
The bennu closely misses you. The flying skull completely misses you.
You furiously retaliate!
You headbutt the flying skull!!
You destroy the flying skull!
Okawaru accepts your kill.
You hear a hideous shriek!
Your surroundings suddenly seem different.
You feel very sick.
A mummy comes into view.
Found twenty-seven items.
Things that are here:
29 stones; 33 gold pieces You feel very sick.
The ushabti shakes and rattles deafeningly!
You hear a hideous shriek!
You feel sick.
You see here a runed tower shield.
You feel very sick.
You feel sick.
You feel sick.
The ushabti shakes and rattles deafeningly!
You hear a hideous shriek! x3; You hear a shout!
You are too injured to fight recklessly!
The +12 war axe "Jusaxeul" {flame, +Inv Dex+5} stops flaming.
You feel clever.
You feel a sense of dread.
g - the +2 broad axe "Plog" (weapon)
{vamp, Int+4} You feel sick.
The ushabti shakes and rattles deafeningly!
You hear a hideous shriek!
You hear a screech!
You slash the mummy! Your headbutt misses the mummy.
The mummy is almost destroyed.
You feel sick. You block the mummy's attack.
You slice the mummy like a ripe choko!!!
You destroy the mummy!
You completely miss the mummy.
You feel sick.
The ushabti shakes and rattles.
The vile air hits you but does no damage.
You feel sick.
The flying skull gives a hideous shriek!
The ushabti shakes and rattles deafeningly!
You hear a hideous shriek! x3
You hit the mummy.
The mummy is lightly damaged.
You feel sick.
The ancient champion casts a spell.
The ancient champion seems to speed up.
You block the mummy's attack.
Okay, then.
Blink to where?
Press: ? - help, Dir - move target
As you read the scroll of blinking, it crumbles to dust.
You feel sick.
Found twelve items.
You feel better.
The ushabti shakes and rattles.
The vile air hits you but does no damage.
The ushabti shakes and rattles.
The vile air hits you but does no damage.
A guardian mummy comes into view.
You see here 20 gold pieces.
The guardian mummy pulls the alarm!
The alarm trap emits a blaring wail!
A sentinel's mark forms upon you.
You hear a hideous shriek!
You see here a hunting sling.
The bennu jubilantly flits about.
A flying skull comes into view.
You hit the guardian mummy.
You headbutt the guardian mummy, but do no damage.
The guardian mummy is lightly damaged.
You feel like a meek peon again. You block the guardian mummy's attack.
You slice the guardian mummy!!
The guardian mummy is severely damaged.
The guardian mummy completely misses you.
The bennu jubilantly flits about.
The bennu completely misses you. The bennu claws you but does no damage.
You block the bennu's attack.
The ushabti shakes and rattles.
The vile air hits you but does no damage.
A mummy comes into view.
The ushabti shakes and rattles.
The vile air hits the bennu.
The vile air hits you but does no damage.
You block the bennu's attack. x2; The bennu completely misses you.
You block the guardian mummy's attack.
You hear a loud "Zot"!
Found a one-way staircase leading up.
The bennu pecks you but does no damage. The bennu claws you.
You block the bennu's attack. The bennu completely misses you.
You furiously retaliate!
You headbutt the bennu! The bennu claws you but does no damage.
You block the bennu's attack.
You feel yourself speed up. The bennu pecks you!
You block the bennu's attack. x2
The flying skull closely misses you.
The guardian mummy hits you but does no damage.
Press: ? - help, v - describe, . - travel A one-way staircase leading up.
You block the bennu's attack. x3; The flying skull completely misses you.
You furiously retaliate!
You headbutt the flying skull. You block the bennu's attack.
The bennu completely misses you. The bennu barely misses you.
The ushabti shakes and rattles deafeningly!
The flying skull completely misses you.
The ushabti shakes and rattles deafeningly!
You block the flying skull's attack.
An ancient champion comes into view.
It is wielding a +0 battleaxe of draining.
A revenant comes into view.
The bennu jubilantly flits about.
The ushabti shakes and rattles.
The vile air hits the guardian mummy but does no damage.
The vile air hits you but does no damage.
You block the guardian mummy's attack. You block the mummy's attack.
The ancient champion gestures wildly while chanting.
The ancient champion seems to speed up.
The ancient champion casts a spell at you.
The bolt of negative energy misses you.
The ancient champion gestures at you while chanting.
The bolt of negative energy misses you. The flying skull completely misses you.
The ushabti shakes and rattles deafeningly!
The ushabti shakes and rattles.
The vile air hits you but does no damage.
A bennu comes into view.
There is a one-way staircase leading up here.
You are engulfed in dark miasma.
The ancient champion is no longer moving quickly.
The bennu barely misses you. You furiously retaliate!
You headbutt the bennu!! You block the bennu's attack.
The bennu completely misses you. You block the flying skull's attack.
You block the ancient champion's attack.
The guardian mummy completely misses you.
You furiously retaliate!
You headbutt the guardian mummy!
The mummy priest utters an invocation to its god.
The bennu pecks you but does no damage. The bennu claws you!
The bennu completely misses you. The flying skull completely misses you.
The ancient champion points at you and mumbles some strange words.
The bolt of negative energy misses you. A mysterious force pulls you upwards.
The hatch slams shut behind you.
You gain the combat prowess of a mighty hero.
You block the bennu's attack. x2; The bennu closely misses you.
You block the flying skull's attack.
The guardian mummy completely misses you.
You furiously retaliate!
You headbutt the guardian mummy. The bennu pecks you!
* * * LOW HITPOINT WARNING * * *
The bennu completely misses you. x2; The ancient champion misses you.
You furiously retaliate!
You headbutt the ancient champion, but do no damage.
You feel better. You block the flying skull's attack.
You block the bennu's attack. The bennu closely misses you.
The bennu completely misses you. You block the flying skull's attack.
The guardian mummy hits you but does no damage.
You chop the guardian mummy into pieces!!!
You destroy the guardian mummy!
Okawaru accepts your kill.
You hit the flying skull but do no damage.
You slash the bennu! You slice the ancient champion!!
You feel extremely nervous for a moment...
You hear strange and distant voices.
The bennu pecks you!
* * * LOW HITPOINT WARNING * * *
You block the bennu's attack. x2; You block the flying skull's attack.
The ancient champion casts a spell.
The ancient champion seems to speed up.
You cut the bennu into ribbons!!! Okawaru accepts your kill.
The bennu renews itself in a burst of flame!
You slash the ancient champion! You slice the flying skull!!
You destroy the flying skull!
Okawaru accepts your kill.
The bennu blazes out!
The pyre of ghostly fire engulfs you but does no damage.
You resist.
The pyre of ghostly fire engulfs the ancient champion.
The ancient champion completely resists.
The pyre of ghostly fire engulfs the bennu.
The bennu completely resists.
The ancient champion closely misses you.
You slice the ancient champion!!
The ancient champion is almost destroyed.
You block the ancient champion's attack.
You slice the ancient champion!!
You destroy the ancient champion!
Okawaru accepts your kill.
You slice the bennu!!
The bennu's plumage briefly flares with an otherwordly flame.
You block the bennu's attack. x2; The bennu claws you but does no damage.
You feel your dexterity returning.
You slice the bennu!! Your headbutt misses the bennu.
The bennu is heavily wounded.
The bennu misses you. You furiously retaliate!
You headbutt the bennu. You block the bennu's attack. x2
You slash the bennu!
The bennu is severely wounded.
The bennu completely misses you. You furiously retaliate!
You headbutt the bennu. You block the bennu's attack. x2
You barely miss the bennu. You headbutt the bennu!! Okawaru accepts your kill.
The bennu, emptied of spiritual energy, fades out from this realm.
The bennu blazes out!
The pyre of ghostly fire engulfs you but does no damage.
You resist.
You start resting.
Magic restored.
You start resting.
The sentinel's mark upon you fades away.
You feel a little less mighty now.
You feel like a meek peon again.
HP restored.
Things that are here:
a +2 battleaxe of freezing; a +0 plate armour You start waiting.
Done waiting.
Done exploring.
There is a one-way staircase leading down here.
You slide downwards.
The hatch slams shut behind you.
A mummy, 3 royal mummies and 2 flying skulls come into view.
The royal mummy calls on the powers of darkness!
Your body is wracked with pain!
A guardian mummy comes into view.
The ushabti shakes and rattles deafeningly!
You block the flying skull's attack.
The royal mummy gestures at you while chanting.
Something smites you!
You hear a hideous shriek!
A guardian mummy comes into view.
The flying skull barely misses you.
The royal mummy calls on the powers of darkness!
Your body is wracked with pain!
The ushabti shakes and rattles.
The vile air hits the royal mummy.
The vile air hits the mummy priest but does no damage.
The vile air hits you but does no damage.
The ushabti shakes and rattles.
The vile air hits the guardian mummy.
The vile air hits you but does no damage.
The mummy priest mumbles some strange prayers to its god.
A death scarab comes into view.
You block the skeletal warrior's attack.
You block the flying skull's attack.
As you read the scroll of holy word, it crumbles to dust.
You speak a Word of immense power!
The flying skull convulses!
You destroy the flying skull!
Okawaru accepts your kill.
The vampire convulses!
You destroy the vampire!
The guardian mummy convulses!
The skeletal warrior convulses!
The flayed ghost convulses!
The wraith convulses!
You destroy the wraith!
The guardian mummy convulses! x2; The flying skull convulses!
You destroy the flying skull!
Okawaru accepts your kill.
The royal mummy convulses! x2; The mummy convulses!
You destroy the mummy!
The mummy priest convulses!
The mummy convulses!
You destroy the mummy!
Okawaru accepts your kill.
The flying skull convulses!
You destroy the flying skull!
Okawaru accepts your kill.
The flying skull convulses!
You destroy the flying skull!
Okawaru accepts your kill.
The mummy priest convulses!
The necrophage convulses!
You destroy the necrophage!
The necrophage's corpse disappears in a puff of smoke!
The guardian mummy convulses! x2
You destroy the guardian mummy!
Okawaru accepts your kill.
The guardian mummy convulses!
The royal mummy convulses!
The skeletal warrior convulses!
The death scarab convulses!
You destroy the death scarab!
Okawaru accepts your kill.
The swamp dragon zombie convulses!
The mummy convulses!
You destroy the mummy!
The guardian mummy convulses!
You feel extremely nervous for a moment...
Your body is wracked with pain!
You are engulfed in dark miasma.
* * * LOW HITPOINT WARNING * * *
A death scarab comes into view. x2
The ushabti shakes and rattles deafeningly!
The swamp dragon zombie is lost in a daze.
The guardian mummy is lost in a daze.
The ushabti shakes and rattles.
The vile air hits the ushabti but does no damage.
The vile air hits the royal mummy but does no damage.
The vile air hits you.
* * * LOW HITPOINT WARNING * * *
A mummy priest comes into view.
The royal mummy mumbles some strange words.
The mummy priest utters an invocation to its god.
The guardian mummy is lost in a daze.
The royal mummy gestures wildly while chanting.
As you read the scroll of teleportation, it crumbles to dust.
You feel strangely unstable.
You are engulfed in dark miasma.
You are poisoned.
* * * LOW HITPOINT WARNING * * *
You feel sick.
A death scarab comes into view.
You block the skeletal warrior's attack.
The guardian mummy is lost in a daze. x2
A skeletal warrior comes into view. It is wielding a +0 mace.
The ushabti shakes and rattles deafeningly!
The ushabti shakes and rattles.
The vile air hits the ushabti.
The vile air hits the royal mummy but does no damage.
The vile air hits the flayed ghost!
The vile air hits the wraith.
The vile air hits you.
* * * LOW HITPOINT WARNING * * *
The royal mummy casts a spell at you. Something smites you!
* * * LOW HITPOINT WARNING * * *
The ushabti shakes and rattles deafeningly!
You block the wraith's attack.
The royal mummy points at you and mumbles some strange words.
Something smites you!
* * * LOW HITPOINT WARNING * * *
You block the guardian mummy's attack. Something hits you!
* * * LOW HITPOINT WARNING * * *
Something drains your vigour!
You feel yourself slow down.
Deactivating autopickup; reactivate with Ctrl-A.
The death scarab moves out of view.
You hear a hideous shriek!
You hear a screech!
You feel better.
You are engulfed in dark miasma.
You feel as though you will be slow longer.
The flying skull gives a hideous shriek!
The royal mummy is lost in a daze.
You block the skeletal warrior's attack.
The mummy priest calls down the wrath of its god upon you.
Something smites you!
* * * LOW HITPOINT WARNING * * *
The guardian mummy hits you but does no damage.
The guardian mummy is lost in a daze.
The royal mummy is lost in a daze.
The skeletal warrior is lost in a daze.
You block the flayed ghost's attack.
The royal mummy is lost in a daze.
Something closely misses you. You block the wraith's attack.
The ushabti shakes and rattles.
The vile air hits the royal mummy but does no damage.
The vile air hits the flayed ghost.
The vile air hits the wraith but does no damage.
The vile air hits you but does no damage.
The ushabti shakes and rattles.
The vile air hits the ushabti but does no damage.
The vile air hits the royal mummy but does no damage.
The vile air hits the flayed ghost.
The vile air hits the wraith but does no damage.
The vile air hits you but does no damage.
The mummy priest utters an invocation to its god.
The royal mummy gestures wildly while chanting.
The guardian mummy hits you.
You die...

####### ######## ##|$$.0##
#.W00..# $ #)"$(M0.#
#..@Mn.# $$
#"|:$$..8.##MzWM{.# .($
##)}:$$0..0.##MWW0z.# .$$$
#[:||$$...80.#WMM.M8# ....$
:)}=$)$......#M08MB.#..).$$
:)|=$$.......WZz88W.zz...$$
["|$|$..^..Mb#zMM8MW#.....$
$)$$.......zL#nWBzn.#......
$$.$....z...##..0Z..# .....


You could see 3 royal mummies, a revenant, a bennu, an ancient champion, 3 mummy
priests, 3 skeletal warriors, 4 flayed ghosts, 3 phantasmal warriors, 5 guardian
mummies, 5 ushabtiu, a wraith (summoned), 2 death scarabs, 3 necrophages, a
shadow (summoned), a flying skull, a mummy (summoned), 2 wights and an anaconda
zombie (summoned).

Vanquished Creatures
  Dissolution (Slime:4)
  the Royal Jelly (Slime:5)
  2 ancient liches (Vaults:5)
  Mara (Vaults:2)
  Mennas (Vaults:4)
  The ghost of Mayja the Impregnable, a veteran DDBe of Trog (Elf:2)
  Sojobo (Vaults:4)
  Boris (Vaults:5)
  23 royal mummies
  Saint Roka (Elf:3)
  4 golden dragons (Vaults:5)
  Jory (Crypt:3)
  3 tentacled monstrosities (Vaults:5)
  2 liches
  Rupert (Lair:6)
  2 deep elf blademasters (Elf:3)
  A titan (Vaults:5)
  2 deep elf master archers (Elf:3)
  15 sphinxes
  32 acid blobs
  10 ancient champions
  The ghost of Hinatoacu the Grappler, an adept TrTm of Sif Muna (Elf:1)
  Agnes (Vaults:4)
  Kirke (Elf:1)
  Donald (Vaults:2)
  18 azure jellies
  9 tengu reavers
  2 storm dragons (Vaults:5)
  7 shadow dragons
  5 revenants
  14 vault wardens
  4 frost giants
  5 deep elf sorcerers
  3 ghost moths
  4 fire giants
  A balrug (Tomb:1)
  2 orc warlords
  A ghoul (Crypt:3)
  Aizul (Elf:3)
  3 deep elf elementalists
  A curse skull (Crypt:3)
  A caustic shrike zombie (Crypt:2)
  12 stone giants
  2 emperor scorpions (Spider:4)
  8 very ugly things
  2 reapers
  19 ironheart preservers
  A war gargoyle (Vaults:2)
  16 vampire knights
  4 bunyips
  A juggernaut skeleton (Crypt:2)
  15 deep elf demonologists
  6 bennus (Tomb:2)
  A spark wasp (Spider:4)
  9 deep elf annihilators
  7 entropy weavers
  The ghost of Aricsoirch the Bludgeoner, a journeyman GrFi of Okawaru (Lair:4)
  4 eidola
  10 death oozes
  15 jiangshi (Crypt:3)
  6 eleionomae
  7 deep elf death magi
  5 ettins
  3 fire dragons
  2 crystal guardians
  8 ogre magi
  13 yaktaur captains
  2 green deaths (Swamp:4)
  6 deep elf high priests
  A shambling mangrove (Swamp:4)
  15 great orbs of eyes
  19 mummy priests
  An ice dragon (Vaults:2)
  Erolcha (Orc:1)
  8 large abominations (Vaults:5)
  Josephine (Lair:6)
  An ice dragon (shapeshifter) (Elf:2)
  2 rakshasas
  15 hydras
  36 vault guards
  2 hell beasts (Swamp:4)
  A catoblepas (Lair:2)
  6 centaur warriors
  3 ghost crabs
  3 boulder beetles
  4 death knights
  An alligator (shapeshifter) (Vaults:5)
  A merfolk avatar (Lair:6)
  24 two-headed ogres
  11 alligators
  An anaconda (Swamp:4)
  26 dancing weapons
  A deep troll shaman (Vaults:2)
  A queen ant (Spider:4)
  16 death scarabs
  13 death yaks
  7 vampire magi
  4 orc high priests (Orc:2)
  A titan zombie (Crypt:1)
  7 deep troll earth magi
  2 thrashing horrors (Swamp:4)
  A hell knight (Vaults:5)
  Sonja (D:11)
  Nergalle (Lair:3)
  26 deep elf knights
  A titan skeleton (Tomb:1)
  A shadow wraith (Vaults:4)
  A storm dragon zombie (Crypt:3)
  An anaconda zombie (Crypt:3)
  7 goliath frogs
  23 deep trolls
  40 skeletal warriors
  A fire crab (shapeshifter) (Elf:2)
  4 spriggan druids
  A sea snake (Lair:6)
  3 unseen horrors
  13 deep elf archers
  6 bog bodies
  11 swamp dragons
  A glowing orange brain (Vaults:5)
  11 ironbrand convokers
  10 flayed ghosts
  A ghost moth zombie (Crypt:2)
  An unseen horror (shapeshifter) (Elf:2)
  23 phantasmal warriors
  4 necromancers
  A wizard (Vaults:3)
  9 harpies
  A harpy (shapeshifter) (Elf:2)
  24 orb spiders
  2 iron dragon zombies
  5 orc sorcerers
  30 wolf spiders
  18 orc knights
  A shadow dragon skeleton (Crypt:3)
  8 shining eyes
  A fire giant zombie (Vaults:2)
  6 moths of wrath
  A mana viper (shapeshifter) (Elf:2)
  2 manticores
  61 deep elf magi
  6 cyclopes
  2 frost giant zombies
  A will-o-the-wisp (Swamp:4)
  A moth of wrath (shapeshifter) (Elf:2)
  17 ugly things
  4 elephants
  An iron dragon skeleton (Tomb:1)
  6 black mambas
  3 ice statues
  A storm dragon simulacrum (Vaults:3)
  6 eyes of devastation
  A fire giant skeleton (Tomb:2)
  A dire elephant zombie (Tomb:1)
  3 torpor snails
  A torpor snail (shapeshifter) (Vaults:3)
  2 gargoyles (D:12)
  13 vault sentinels
  5 rime drakes
  12 cane toads
  Maggie (D:7)
  14 komodo dragons
  A dire elephant skeleton (Crypt:3)
  A yaktaur (shapeshifter) (Elf:2)
  32 yaktaurs
  2 orange demons (Swamp:4)
  An efreet (D:10)
  5 freezing wraiths
  14 demonic crawlers
  A komodo dragon (shapeshifter) (Vaults:1)
  An anaconda simulacrum (Crypt:2)
  18 guardian mummies
  2 meliai (Spider:4)
  11 ice devils (IceCv)
  An entropy weaver simulacrum (Vaults:1)
  36 jumping spiders
  3 bloated husks
  7 trolls
  10 tyrant leeches
  A death drake zombie (Crypt:3)
  23 hornets
  A harpy skeleton (Crypt:3)
  12 dream sheep
  A slime creature (shapeshifter) (Elf:2)
  An alligator zombie (Crypt:2)
  8 polar bears
  An ice dragon zombie (Crypt:2)
  167 slime creatures
  2 hydra skeletons (Tomb:2)
  An iron dragon simulacrum (Crypt:3)
  Prince Ribbit (D:7)
  21 blink frogs
  2 ettin zombies
  A stone giant simulacrum (Tomb:2)
  A spriggan (shapeshifter) (Elf:2)
  A redback (shapeshifter) (Vaults:5)
  13 flying skulls
  3 shadows (Swamp:4)
  A vampire (D:13)
  37 yaks
  4 wyverns
  A black mamba zombie (Crypt:3)
  80 redbacks
  2 air elementals (Elf:3)
  2 ettin skeletons
  23 wraiths
  Sigmund (D:3)
  A fire dragon skeleton (Tomb:2)
  11 spriggans
  37 tarantellas
  2 basilisks
  3 water elementals
  A fire bat (shapeshifter) (Elf:2)
  A satyr skeleton (Crypt:2)
  13 ushabtiu
  7 golden eyes
  A yak (shapeshifter) (Elf:2)
  A basilisk (shapeshifter) (Vaults:4)
  A hog (Elf:1)
  8 vampire mosquitoes
  2 human simulacra
  A human (shapeshifter) (Vaults:3)
  2 fire elementals
  Menkaure (D:7)
  11 wargs
  Edmund (D:4)
  9 swamp worms
  A merfolk zombie (Crypt:1)
  A soldier ant (shapeshifter) (Vaults:4)
  7 soldier ants (Spider:4)
  Duvessa (D:4)
  2 acid dragons
  20 water moccasins
  A water moccasin (shapeshifter) (Vaults:5)
  A torturous demonspawn zombie (Crypt:3)
  4 swamp drakes
  62 orc warriors
  4 ice beasts
  4 sky beasts
  10 eyes of draining
  2 black bears
  4 necrophages
  11 centaurs
  38 ogres
  3 phantoms
  3 wolves (Lair:5)
  A dream sheep skeleton (Crypt:1)
  A big kobold (shapeshifter) (Elf:2)
  5 big kobolds
  Blork the orc (D:4)
  3 human zombies
  A fire crab zombie (Crypt:1)
  22 bullfrogs
  3 earth elementals
  A gnoll sergeant (D:9)
  Dowan (D:4)
  A cyclops skeleton (Crypt:3)
  An ogre simulacrum (Vaults:1)
  A wyvern skeleton (D:13)
  4 scorpions
  A yak zombie (Crypt:2)
  4 wights (D:9)
  A yak skeleton (Crypt:3)
  An electric eel (Spider:4)
  4 howler monkeys
  A spriggan skeleton (Crypt:1)
  A troll skeleton (Crypt:2)
  3 bullfrog zombies
  2 centaur zombies
  6 hounds
  30 orc wizards
  5 bullfrog skeletons
  A basilisk zombie (Crypt:3)
  2 jellies
  A jelly (shapeshifter) (Vaults:5)
  28 orc priests
  25 worker ants
  Ijyb (D:3)
  2 centaur skeletons
  3 iguanas
  A big kobold zombie (Crypt:1)
  A sky beast zombie (Crypt:1)
  An acid dragon zombie (Crypt:2)
  A felid skeleton (Crypt:3)
  A hound skeleton (D:4)
  33 mummies
  A worker ant zombie (D:8)
  11 gnolls
  19 adders
  3 shadow imps
  10 white imps
  2 oozes (D:1)
  15 ufetubi
  3 adder skeletons
  An adder zombie (D:5)
  A lava snake skeleton (Crypt:2)
  4 worms
  2 dart slugs
  9 leopard geckos
  139 orcs
  11 bats
  12 giant cockroaches
  A gnoll zombie (Crypt:3)
  7 goblins
  6 hobgoblins
  17 jackals
  46 kobolds
  5 quokkas
  4 ball pythons
  12 frilled lizards
  A frilled lizard skeleton (Crypt:3)
  A jackal skeleton (D:4)
  A leopard gecko zombie (Crypt:1)
  5 rats
2481 creatures vanquished.

Vanquished Creatures (others)
  An ancient champion (Vaults:4)
  An entropy weaver (Spider:4)
  A rakshasa (Vaults:2)
  A vault guard (Vaults:5)
  An alligator (Swamp:3)
  A deep elf archer (Elf:3)
  2 orc knights
  A harpy (Vaults:5)
  A deep elf mage (Elf:2)
  A wolf spider (Spider:4)
  A yaktaur (Vaults:5)
  A meliai (Spider:4)
  A bloated husk (Swamp:3)
  4 humans (Elf:1)
  A swamp worm (Swamp:2)
  An orc warrior (Orc:2)
  2 orc wizards (Orc:2)
  2 white imps (IceCv)
  An ufetubus (IceCv)
  An orc (D:9)
  A kobold (D:13)
  33 fungi
  76 plants
  A withered plant (D:9)
137 creatures vanquished.

Grand Total: 2618 creatures vanquished

Notes
Turn   | Place    | Note
-------+----------+-------------------------------------------
     0 | D:1      | CopperMask the Minotaur Fighter began the quest for the
                  | Orb.
     0 | D:1      | Reached XP level 1. HP: 19/19 MP: 0/0
   168 | D:1      | Reached XP level 2. HP: 27/27 MP: 1/1
   341 | D:1      | Reached skill level 1 in Dodging
   591 | D:2      | Reached XP level 3. HP: 33/33 MP: 2/2
   970 | D:2      | Reached skill level 3 in Axes
  1193 | D:2      | Reached XP level 4. HP: 40/40 MP: 3/3
  1740 | D:3      | Noticed Sigmund
  1750 | D:3      | Killed Sigmund
  1751 | D:3      | Reached XP level 5. HP: 25/47 MP: 1/4
  1910 | D:3      | Noticed Ijyb
  1923 | D:3      | Killed Ijyb
  1924 | D:3      | Reached XP level 6. HP: 51/55 MP: 3/5
  2919 | D:4      | Reached skill level 3 in Dodging
  3028 | D:4      | Found a staircase to the Ecumenical Temple.
  3035 | Temple   | Entered the Ecumenical Temple
  3199 | Temple   | Became a worshipper of Warmaster Okawaru
  3259 | D:4      | Noticed Edmund
  3286 | D:4      | Killed Edmund
  3287 | D:4      | Reached XP level 7. HP: 30/61 MP: 3/6
  3450 | D:4      | Found a hide-covered altar of Uskayaw.
  3477 | D:4      | Reached * piety under Okawaru
  3916 | D:4      | Noticed Dowan
  4018 | D:4      | Noticed Duvessa
  4033 | D:4      | Killed Duvessa
  4034 | D:4      | Reached skill level 6 in Fighting
  4034 | D:4      | Reached skill level 6 in Armour
  4034 | D:4      | Reached skill level 6 in Shields
  4119 | D:4      | Killed Dowan
  4120 | D:4      | Reached XP level 8. HP: 46/70 MP: 5/7
  4445 | D:4      | Noticed Blork the orc
  4469 | D:4      | Killed Blork the orc
  4677 | D:5      | Entered Level 5 of the Dungeon
  4727 | D:5      | Reached ** piety under Okawaru
  4773 | D:5      | Got a smoking chain mail
  4791 | D:5      | Reached skill level 6 in Axes
  4821 | D:5      | Identified the +1 chain mail of Sloth {Regen+} (You found
                  | it on level 5 of the Dungeon)
  5009 | D:5      | Found a snail-covered altar of Cheibriados.
  5108 | D:5      | Found a glowing drain.
  5122 | Sewer    | Entered a sewer
  6057 | D:6      | Reached *** piety under Okawaru
  6058 | D:6      | Reached XP level 9. HP: 46/79 MP: 4/8
  6059 | D:6      | HP: 23/79 [orc warrior/+0 vorpal hand axe (14)]
  6069 | D:5      | HP: 11/79 [orc warrior/+0 vorpal hand axe (10)]
  7268 | D:7      | Found a shadowy altar of Dithmenos.
  7287 | D:7      | Noticed Menkaure
  7288 | D:7      | Reached skill level 6 in Dodging
  7298 | D:7      | HP: 23/79 [??? (17)]
  7304 | D:6      | HP: 12/79 [orc warrior/+0 war axe (3)]
  7799 | D:7      | HP: 24/81 [??? (19)]
  8051 | D:7      | Killed Menkaure
  8145 | D:7      | Noticed Prince Ribbit
  8423 | D:7      | Reached **** piety under Okawaru
  8615 | D:7      | Noticed Maggie
  8622 | D:7      | Killed Maggie
  8817 | D:7      | Killed Prince Ribbit
  8967 | D:8      | Found Amnen's Demolitions Depot.
  9090 | D:8      | Reached XP level 10. HP: 86/90 MP: 9/9
  9251 | D:8      | Noticed a two-headed ogre
  9262 | D:8      | Killed a two-headed ogre
  9262 | D:8      | Reached ***** piety under Okawaru
  9263 | D:8      | Reached skill level 9 in Fighting
  9263 | D:8      | Reached skill level 9 in Armour
  9263 | D:8      | Reached skill level 9 in Shields
  9499 | D:8      | Found a staircase to the Lair.
  9654 | D:9      | Noticed a two-headed ogre
  9671 | D:9      | Killed a two-headed ogre
  9821 | D:9      | Found a basalt altar of Yredelemnul.
 10153 | D:9      | Reached skill level 9 in Axes
 10278 | D:9      | Noticed a manticore
 10282 | D:9      | Killed a manticore
 10643 | D:10     | Entered Level 10 of the Dungeon
 11142 | D:10     | Reached XP level 11. HP: 99/99 MP: 10/10
 11958 | D:8      | Bought a scroll of immolation for 35 gold pieces
 12002 | Lair:1   | Entered Level 1 of the Lair of Beasts
 12109 | Lair:1   | Noticed a seven-headed hydra
 12122 | Lair:1   | Killed a seven-headed hydra
 12122 | Lair:1   | Received a gift from Okawaru
 12206 | Lair:1   | Reached skill level 1 in Maces & Flails
 12213 | Lair:1   | Reached ****** piety under Okawaru
 12214 | Lair:1   | Reached skill level 1 in Invocations
 12748 | Lair:1   | Received a gift from Okawaru
 12807 | Lair:1   | Got a scorched kite shield {god gift}
 12818 | Lair:1   | Identified the +2 kite shield of Jiunluhi {rPois Int+8
                  | Dex+3 Stlth-} (Okawaru gifted it to you on level 1 of the
                  | Lair of Beasts)
 13236 | Lair:2   | Reached skill level 9 in Dodging
 13343 | Lair:2   | Found a staircase to the Swamp.
 13343 | Lair:2   | Noticed a bog body
 13356 | Lair:2   | Killed a bog body
 13451 | Lair:2   | Reached skill level 3 in Maces & Flails
 13607 | Lair:2   | Reached skill level 3 in Invocations
 14051 | Lair:2   | Reached XP level 12. HP: 77/106 MP: 13/13
 14470 | Lair:3   | Noticed a catoblepas
 14591 | Lair:2   | Killed a catoblepas
 14591 | Lair:2   | Received a gift from Okawaru
 15131 | Lair:3   | Reached skill level 6 in Maces & Flails
 15423 | Lair:3   | Noticed Nergalle
 15449 | Lair:3   | Killed Nergalle
 15757 | Lair:5   | Reached skill level 12 in Shields
 16154 | Lair:5   | Reached skill level 6 in Invocations
 16167 | Lair:5   | Got a fine silver ring
 16339 | Lair:5   | Received a gift from Okawaru
 16346 | Lair:5   | Identified the ring of Xom's Entertainment {+Fly MP-9 Str+7
                  | Dex+9 Slay+3} (You found it on level 5 of the Lair of
                  | Beasts)
 16786 | Lair:4   | Found a runed translucent gate.
 16787 | Lair:4   | Found a runed translucent gate.
 16787 | Lair:4   | Found a runed translucent gate.
 17015 | Lair:4   | Noticed a death yak
 17016 | Lair:4   | Noticed Aricsoirch's ghost (journeyman GrFi)
 17034 | Lair:4   | Reached skill level 12 in Axes
 17094 | Lair:4   | Found a broken altar of Ashenzari.
 17314 | Lair:4   | Found a hole to the Spider Nest.
 17593 | Lair:4   | Reached XP level 13. HP: 113/113 MP: 7/16
 17636 | Lair:4   | Killed Aricsoirch's ghost
 17854 | Spider:1 | Entered Level 1 of the Spider Nest
 17899 | Lair:4   | HP: 33/113 [poisoned by a wolf spider]
 17904 | Lair:4   | HP: 30/113 [poisoned by a wolf spider]
 17909 | Lair:4   | HP: 27/113 [poisoned by a wolf spider]
 17915 | Lair:4   | HP: 26/113 [poisoned by a wolf spider]
 17921 | Lair:4   | HP: 26/113 [poisoned by a wolf spider]
 17929 | Lair:4   | HP: 26/113 [poisoned by a wolf spider]
 18329 | Lair:4   | Received a gift from Okawaru
 18775 | Spider:1 | Noticed a ghost moth
 18778 | Spider:1 | Killed a ghost moth
 18778 | Spider:1 | Received a gift from Okawaru
 18895 | Spider:1 | Got a warped hunting sling
 18896 | Spider:1 | Identified the +10 hunting sling of Quph {vorpal, Int+3}
                  | (You found it on level 1 of the Spider Nest)
 19021 | Spider:1 | Found a runed translucent gate.
 19021 | Spider:1 | Found a runed translucent gate.
 19021 | Spider:1 | Found a runed translucent gate.
 19022 | Spider:1 | Noticed ees's ghost (adept TrBe)
 19261 | Spider:1 | Got a bloodstained war axe
 19262 | Spider:1 | Identified the +5 war axe "Xietz" {venom, Dex+3} (You found
                  | it on level 1 of the Spider Nest)
 19948 | Spider:2 | Reached skill level 12 in Dodging
 19971 | Spider:2 | Got a steaming hand crossbow
 20009 | Spider:2 | Identified the +5 hand crossbow of the Pariah {elec, rN+
                  | Will+} (You found it on level 2 of the Spider Nest)
 20044 | Spider:2 | Received a gift from Okawaru
 20127 | Spider:2 | Reached XP level 14. HP: 121/121 MP: 9/18
 20834 | Spider:3 | Found a frozen archway.
 21041 | IceCv    | Entered an ice cave
 21113 | IceCv    | Received a gift from Okawaru
 21132 | IceCv    | Got a faintly glowing broad axe {god gift}
 21148 | IceCv    | Identified the +2 broad axe "Plog" {vamp, Int+4} (Okawaru
                  | gifted it to you in an ice cave)
 21378 | IceCv    | Noticed an Ice Fiend
 21379 | IceCv    | Noticed an Ice Fiend
 21383 | IceCv    | HP: 26/121 [??? (23)]
 21394 | IceCv    | HP: 30/121 [??? (27)]
 21409 | IceCv    | HP: 29/121 [something (4)]
 22387 | Spider:3 | Received a gift from Okawaru
 22993 | Spider:4 | Entered Level 4 of the Spider Nest
 23223 | Spider:4 | Reached skill level 15 in Shields
 23489 | Spider:4 | Reached skill level 15 in Axes
 23712 | Spider:4 | Reached XP level 15. HP: 126/126 MP: 10/19
 23855 | Spider:4 | Reached skill level 1 in Crossbows
 23861 | Spider:4 | Received a gift from Okawaru
 24763 | Spider:4 | Noticed a ghost moth
 24773 | Spider:4 | Killed a ghost moth
 24780 | Spider:4 | Reached skill level 3 in Crossbows
 25182 | Spider:4 | Noticed a ghost moth
 25191 | Spider:4 | Killed a ghost moth
 25217 | Spider:4 | HP: 19/129 [emperor scorpion (22)]
 25220 | Spider:4 | HP: 3/129 [emperor scorpion (17)]
 25225 | Spider:4 | HP: 37/193 [poisoned by an emperor scorpion]
 25230 | Spider:4 | HP: 24/129 [poisoned by an emperor scorpion]
 25236 | Spider:4 | HP: 24/129 [poisoned by an emperor scorpion]
 25242 | Spider:4 | HP: 24/129 [poisoned by an emperor scorpion]
 25666 | Spider:4 | Received a gift from Okawaru
 25824 | Spider:4 | Got a gossamer rune of Zot
 26258 | Lair:6   | Entered Level 6 of the Lair of Beasts
 26259 | Lair:6   | Noticed Josephine
 26480 | Lair:6   | Reached skill level 9 in Invocations
 26905 | Lair:6   | Killed Josephine
 26995 | Lair:6   | Reached XP level 16. HP: 126/138 MP: 12/21
 27046 | Lair:6   | Noticed Rupert
 27089 | Lair:6   | Killed Rupert
 27795 | Lair:6   | Received a gift from Okawaru
 27796 | Lair:6   | Reached skill level 6 in Crossbows
 27828 | Lair:6   | Received a gift from Okawaru
 27865 | Lair:6   | Found a viscous altar of Jiyva.
 27865 | Lair:6   | Found a staircase to the Slime Pits.
 28017 | Lair:6   | Reached skill level 12 in Armour
 28135 | Lair:6   | Reached skill level 12 in Fighting
 28448 | Slime:1  | Entered Level 1 of the Pits of Slime
 28955 | Slime:1  | Reached skill level 9 in Maces & Flails
 29017 | Slime:2  | Noticed an acid blob
 29017 | Slime:2  | Noticed an acid blob
 29024 | Slime:2  | Gained mutation: You occasionally shout uncontrollably at
                  | your foes. [a shining eye]
 29262 | Slime:1  | Gained mutation: You are clumsy. (Dex -2) [a shining eye]
 29651 | Slime:2  | Noticed an acid blob
 29659 | Slime:2  | Killed an acid blob
 29742 | Slime:2  | Received a gift from Okawaru
 30147 | Slime:2  | Killed an acid blob
 30152 | Slime:2  | Killed an acid blob
 30311 | Slime:3  | Gained mutation: You tend to lose your temper in combat. [a
                  | shining eye]
 30320 | Slime:3  | Reached skill level 15 in Dodging
 30408 | Slime:3  | Reached XP level 17. HP: 149/149 MP: 14/23
 30438 | Slime:3  | Gained mutation: Your body sometimes deteriorates upon
                  | taking damage. [a shining eye]
 30443 | Slime:3  | Lost mutation: You are clumsy. (Dex -2) [a shining eye]
 30446 | Slime:3  | Gained mutation: You are frail. (-10% HP) [a shining eye]
 30447 | Slime:3  | Gained mutation: Armour fits poorly on your strangely
                  | shaped body. [a shining eye]
 30967 | Slime:3  | Noticed an acid blob
 30967 | Slime:3  | Noticed an acid blob
 30967 | Slime:3  | Noticed an acid blob
 30980 | Slime:4  | Killed an acid blob
 30980 | Slime:4  | Received a gift from Okawaru
 30993 | Slime:3  | Noticed an acid blob
 31004 | Slime:3  | Noticed an acid blob
 31014 | Slime:4  | Killed an acid blob
 31018 | Slime:4  | Killed an acid blob
 31107 | Slime:3  | Gained mutation: Your magical capacity is low. (-10% MP) [a
                  | shining eye]
 31108 | Slime:3  | Gained mutation: You are dopey. (Int -2) [a shining eye]
 31116 | Slime:3  | Killed an acid blob
 31127 | Slime:3  | Killed an acid blob
 31685 | Slime:5  | Entered Level 5 of the Pits of Slime
 31686 | Slime:5  | Noticed an acid blob
 31694 | Slime:5  | Noticed an acid blob
 31694 | Slime:5  | Noticed an acid blob
 31700 | Slime:5  | Killed an acid blob
 31701 | Slime:5  | Reached skill level 9 in Crossbows
 31705 | Slime:5  | Noticed an acid blob
 31706 | Slime:5  | Noticed Dissolution
 31713 | Slime:4  | Killed an acid blob
 31715 | Slime:4  | Killed an acid blob
 31855 | Slime:4  | Paralysed by a floating eye for 4 turns
 31864 | Slime:4  | Killed Dissolution
 31985 | Slime:5  | Killed an acid blob
 32077 | Slime:5  | Noticed an acid blob
 32086 | Slime:5  | Killed an acid blob
 32089 | Slime:5  | Noticed an acid blob
 32091 | Slime:5  | Noticed the Royal Jelly
 32105 | Slime:5  | HP: 40/135 [acid (7)]
 32107 | Slime:5  | Noticed an acid blob
 32119 | Slime:4  | Received a gift from Okawaru
 32130 | Slime:4  | Noticed an acid blob
 32136 | Slime:4  | Killed an acid blob
 32139 | Slime:4  | Noticed an acid blob
 32157 | Slime:4  | Killed an acid blob
 32219 | Slime:4  | Gained mutation: You sometimes yell uncontrollably at your
                  | foes. [a shining eye]
 32511 | Slime:5  | Noticed an acid blob
 32511 | Slime:5  | Noticed an acid blob
 32514 | Slime:5  | Reached XP level 18. HP: 143/144 MP: 12/21
 32518 | Slime:5  | Gained mutation: You are clumsy. (Dex -2) [a shining eye]
 32910 | Slime:5  | Reached skill level 12 in Maces & Flails
 33073 | Slime:5  | Found a viscous altar of Jiyva.
 33280 | Slime:5  | Received a gift from Okawaru
 33402 | Slime:5  | HP: 41/144 [acid blob/splash of acid[the Royal Jelly] (3)]
 33409 | Slime:5  | HP: 38/144 [acid blob/splash of acid[the Royal Jelly] (2)]
 33779 | Slime:5  | Reached skill level 1 in Stealth
 33854 | Slime:4  | Got a heavily runed chain mail {god gift}
 33867 | Slime:4  | Identified the +1 chain mail of the Game of Life {rElec
                  | Str+2} (Okawaru gifted it to you on level 4 of the Pits of
                  | Slime)
 34045 | Lair:6   | Lost mutation: You tend to lose your temper in combat.
                  | [potion of mutation]
 34045 | Lair:6   | Lost mutation: Your body sometimes deteriorates upon taking
                  | damage. [potion of mutation]
 34045 | Lair:6   | Lost mutation: You are frail. (-10% HP) [potion of
                  | mutation]
 34045 | Lair:6   | Gained mutation: Your muscles are strong. (Str +2) [potion
                  | of mutation]
 34045 | Lair:6   | Lost mutation: Your magical capacity is low. (-10% MP)
                  | [potion of mutation]
 34046 | Lair:6   | Lost mutation: Armour fits poorly on your strangely shaped
                  | body. [potion of mutation]
 34046 | Lair:6   | Lost mutation: Your muscles are strong. (Str +2) [potion of
                  | mutation]
 34046 | Lair:6   | Lost mutation: You sometimes yell uncontrollably at your
                  | foes. [potion of mutation]
 34046 | Lair:6   | Lost mutation: You are clumsy. (Dex -2) [potion of
                  | mutation]
 34046 | Lair:6   | Gained mutation: Your body sometimes deteriorates upon
                  | taking damage. [potion of mutation]
 34046 | Lair:6   | Gained mutation: You expend magic power (3 MP) to
                  | strengthen your wands. [potion of mutation]
 34047 | Lair:6   | Lost mutation: You are dopey. (Int -2) [potion of mutation]
 34047 | Lair:6   | Lost mutation: You expend magic power (3 MP) to strengthen
                  | your wands. [potion of mutation]
 34047 | Lair:6   | Gained mutation: You have sharp fingernails. [potion of
                  | mutation]
 34047 | Lair:6   | Lost mutation: Your body sometimes deteriorates upon taking
                  | damage. [potion of mutation]
 34047 | Lair:6   | Gained mutation: You can translocate small distances at
                  | will. [potion of mutation]
 34965 | Swamp:1  | Entered Level 1 of the Swamp
 35900 | Swamp:2  | Reached skill level 15 in Armour
 36150 | Swamp:2  | Reached skill level 15 in Fighting
 36277 | Swamp:3  | Reached skill level 3 in Stealth
 36280 | Swamp:3  | Received a gift from Okawaru
 36338 | Swamp:3  | Found a shimmering blue altar of Sif Muna.
 36690 | Swamp:4  | Entered Level 4 of the Swamp
 37083 | Swamp:4  | Reached XP level 19. HP: 170/170 MP: 16/25
 37420 | Swamp:4  | HP: 41/170 [eleionoma/spray of wooden splinters (28)]
 38379 | Swamp:4  | Received a gift from Okawaru
 38428 | Swamp:4  | Got a decaying rune of Zot
 38632 | Swamp:3  | Got a dazzling hat {god gift}
 38643 | Swamp:3  | Identified the +0 hat of Brilliance {*Drain rC++ Dex+7}
                  | (Okawaru gifted it to you on level 3 of the Swamp)
 39378 | D:11     | Reached skill level 1 in Short Blades
 39778 | D:11     | Noticed Sonja
 39785 | D:11     | Killed Sonja
 40130 | D:12     | Found a glowing silver altar of Zin.
 40438 | D:13     | Found a gate to the Vaults.
 40534 | D:13     | Received a gift from Okawaru
 40536 | D:13     | Got a pair of brightly glowing boots {god gift}
 40566 | D:13     | Identified the +4 pair of boots of Discretion {rN+ Regen+
                  | Str+2} (Okawaru gifted it to you on level 13 of the
                  | Dungeon)
 41109 | Vaults:1 | Entered Level 1 of the Vaults
 41337 | Vaults:1 | Reached skill level 3 in Short Blades
 42016 | Vaults:1 | Identified The Arcane Secrets of Witchcraft
 42392 | Vaults:1 | Found the +8 frozen axe "Frostbite" {freezing cloud, *Noise
                  | +Fly rC+}
 42904 | Vaults:2 | Found a huge runed gate.
 42904 | Vaults:2 | Found a huge runed gate.
 42904 | Vaults:2 | Found a huge runed gate.
 42904 | Vaults:2 | Found a huge runed gate.
 42904 | Vaults:2 | Found a huge runed gate.
 42904 | Vaults:2 | Found a huge runed gate.
 42905 | Vaults:2 | Found a huge runed gate.
 42905 | Vaults:2 | Found a huge runed gate.
 42905 | Vaults:2 | Found a huge runed gate.
 42905 | Vaults:2 | Found a huge runed gate.
 42905 | Vaults:2 | Found a huge runed gate.
 42906 | Vaults:2 | Found a huge runed gate.
 42907 | Vaults:2 | Found a huge runed gate.
 42909 | Vaults:2 | Found a huge runed gate.
 42909 | Vaults:2 | Found a huge runed gate.
 42910 | Vaults:2 | Found a huge runed gate.
 42911 | Vaults:2 | Found a huge runed gate.
 42912 | Vaults:2 | Found a huge runed gate.
 42946 | Vaults:2 | Reached XP level 20. HP: 109/150 MP: 14/26
 42975 | Vaults:2 | Received a gift from Okawaru
 43293 | Vaults:2 | Acquired 1237 gold pieces
 43578 | Vaults:2 | Got a scorched flail
 43583 | Vaults:2 | Identified the +5 flail "Fufah" {vorpal, *Slow +Fly Dex+7}
                  | (You found it on level 2 of the Vaults)
 43658 | Vaults:2 | Noticed Donald
 43678 | Vaults:2 | Killed Donald
 43974 | Vaults:2 | Received a gift from Okawaru
 44103 | Vaults:2 | Noticed Mara
 44121 | Vaults:2 | Noticed CopperMask's illusion
 44151 | Vaults:2 | Killed Mara
 44301 | Vaults:2 | Found a gateway to a bazaar.
 44759 | Vaults:2 | Found a staircase to the Crypt.
 44759 | Vaults:2 | Found a basalt altar of Yredelemnul.
 44759 | Vaults:2 | Found an ancient bone altar of Kikubaaqudgha.
 45139 | Bazaar   | Entered a bazaar
 45139 | Bazaar   | Found Zyest's Armour Boutique.
 45139 | Bazaar   | Found Udoxie's Weapon Shop.
 45139 | Bazaar   | Found Mopnos Osilu's Antique Armour Shop.
 45386 | Vaults:3 | Received a gift from Okawaru
 46351 | Vaults:3 | Received a gift from Okawaru
 46352 | Vaults:3 | Reached XP level 21. HP: 189/190 MP: 19/28
 46785 | Vaults:4 | Reached skill level 18 in Axes
 46836 | Vaults:4 | Found Apricaq's Distillery.
 47234 | Vaults:4 | Reached skill level 18 in Dodging
 47397 | Vaults:4 | Noticed Agnes
 47405 | Vaults:4 | Killed Agnes
 47790 | Vaults:4 | Noticed Sojobo
 47815 | Vaults:4 | Killed Sojobo
 47879 | Vaults:4 | Bought a potion of mutation for 168 gold pieces
 47879 | Vaults:4 | Bought a potion of flight for 63 gold pieces
 47879 | Vaults:4 | Bought a potion of heal wounds for 105 gold pieces
 47879 | Vaults:4 | Bought a potion of heal wounds for 105 gold pieces
 47879 | Vaults:4 | Bought a potion of heal wounds for 105 gold pieces
 47929 | Vaults:4 | Noticed Mennas
 48038 | Vaults:3 | Received a gift from Okawaru
 48153 | Vaults:3 | Got an ivory hand axe {god gift}
 48154 | Vaults:3 | Identified the +7 hand axe "No More Talking" {vamp, Str+6}
                  | (Okawaru gifted it to you on level 3 of the Vaults)
 48181 | Vaults:4 | Killed Mennas
 48216 | Vaults:4 | eudemon blade of holy wrath
 48772 | Vaults:4 | Reached skill level 1 in Evocations
 48949 | Vaults:5 | Entered Level 5 of the Vaults
 48976 | Vaults:5 | Reached skill level 12 in Invocations
 48991 | Vaults:5 | Received a gift from Okawaru
 48991 | Vaults:5 | Noticed Boris
 48994 | Vaults:5 | Reached XP level 22. HP: 197/200 MP: 18/30
 48998 | Vaults:5 | Received a gift from Okawaru
 49012 | Vaults:5 | Gained mutation: You are clumsy. (Dex -2) [a cacodemon]
 49015 | Vaults:5 | Killed Boris
 49015 | Vaults:5 | Received a gift from Okawaru
 49018 | Vaults:5 | Reached skill level 3 in Evocations
 49024 | Vaults:5 | Identified the +9 shortbow "Banisher" {flame, Str+2 Int+4
                  | Dex+6}
 49038 | Vaults:5 | HP: 52/201 [large abomination[a deep elf high priest] (10)]
 49042 | Vaults:5 | Noticed a golden dragon
 49043 | Vaults:5 | HP: 27/201 [sphinx/divine providence (13)]
 49044 | Vaults:5 | Noticed a golden dragon
 49105 | Vaults:5 | Noticed an ancient lich
 49133 | Vaults:5 | Killed an ancient lich
 49133 | Vaults:5 | Received a gift from Okawaru
 49160 | Vaults:5 | Reached skill level 18 in Armour
 49224 | Vaults:5 | Reached skill level 18 in Fighting
 49236 | Vaults:5 | Received a gift from Okawaru
 49259 | Vaults:5 | Got a dazzling war axe {god gift}
 49260 | Vaults:5 | Identified the +12 war axe "Jusaxeul" {flame, +Inv Dex+5}
                  | (Okawaru gifted it to you on level 5 of the Vaults)
 49263 | Vaults:5 | Got a heavily runed hat {god gift}
 49274 | Vaults:5 | Identified the +0 hat of the Fuzzy Wumpus {Stlth+} (Okawaru
                  | gifted it to you on level 5 of the Vaults)
 49324 | Vaults:5 | Killed a golden dragon
 49335 | Vaults:5 | Noticed a golden dragon
 49366 | Vaults:5 | Killed a golden dragon
 49370 | Vaults:5 | Killed a golden dragon
 49387 | Vaults:5 | Reached skill level 15 in Maces & Flails
 49588 | Vaults:5 | Got a silver rune of Zot
 49740 | Vaults:5 | Reached XP level 23. HP: 209/209 MP: 22/31
 49746 | Vaults:5 | Noticed an ancient lich
 49752 | Vaults:5 | Killed an ancient lich
 49754 | Vaults:5 | Received a gift from Okawaru
 49768 | Vaults:5 | Got a masterwork hand axe {god gift}
 49769 | Vaults:5 | Identified the +0 hand axe "Ogre's Doom" {vorpal, rC+ Str+4
                  | Dex-5} (Okawaru gifted it to you on level 5 of the Vaults)
 49794 | Vaults:5 | Got a crude longbow {god gift}
 49908 | Vaults:5 | Got a faintly glowing broad axe
 49909 | Vaults:5 | Identified the +9 broad axe of Arbitration {flame, *Contam
                  | +Fly rC++ Str+3} (You found it on level 5 of the Vaults)
 49927 | Vaults:5 | Gained mutation: Your spells are a little easier to cast,
                  | but a little less powerful. [mutagenic glow]
 50080 | Vaults:5 | Got a warped plate armour
 50081 | Vaults:5 | Identified the +15 plate armour "Kuor" {Int+4} (You found
                  | it on level 5 of the Vaults)
 50462 | Vaults:5 | HP: 52/211 [???[a lich] (40)]
 50783 | Vaults:5 | Received a gift from Okawaru
 50994 | Vaults:5 | Reached skill level 6 in Stealth
 50998 | Vaults:5 | Identified the cursed +1 leather armour "Weyrasod" {rC+
                  | Int-5 Slay+2}
 51139 | Vaults:5 | Identified the Guide on Vitriolic Changing
 51142 | Vaults:5 | Got a clouded platinum ring
 51144 | Vaults:5 | Identified the ring "Exeunteb" {rC+ rCorr Str+4} (You found
                  | it on level 5 of the Vaults)
 51897 | D:12     | Received a gift from Okawaru
 52035 | D:12     | Found a staircase to the Orcish Mines.
 52973 | Slime:5  | Killed the Royal Jelly
 53084 | Slime:5  | Identified Sif Muna's Reference Book on Congealing
                  | Envenoming
 53090 | Slime:5  | Identified Temul's Collected Works on Shape Shifting
 53119 | Slime:5  | Identified Fooga's Compendium of Spatial Contamination
 53173 | Slime:5  | Got a slimy rune of Zot
 53254 | Slime:5  | Got a crystal dire flail
 53260 | Slime:5  | Identified the +1 dire flail "Hiyrit" {antimagic, rN+
                  | Will+} (You found it on level 5 of the Pits of Slime)
 53263 | Slime:5  | Gained mutation: You are frail. (-10% HP) [mutagenic glow]
 54114 | Orc:1    | Entered Level 1 of the Orcish Mines
 54114 | Orc:1    | Noticed Erolcha
 54121 | Orc:1    | Killed Erolcha
 54318 | Orc:2    | Entered Level 2 of the Orcish Mines
 54435 | Orc:2    | Reached skill level 6 in Evocations
 54854 | Temple   | Lost mutation: You are frail. (-10% HP) [potion of
                  | mutation]
 54854 | Temple   | Lost mutation: You occasionally shout uncontrollably at
                  | your foes. [potion of mutation]
 54854 | Temple   | Lost mutation: You are clumsy. (Dex -2) [potion of
                  | mutation]
 54854 | Temple   | Gained mutation: You are weak. (Str -2) [potion of
                  | mutation]
 54854 | Temple   | Gained mutation: Your system is resistant to poisons.
                  | (rPois) [potion of mutation]
 54854 | Temple   | Lost mutation: Your spells are a little easier to cast, but
                  | a little less powerful. [potion of mutation]
 55369 | Orc:2    | Found a roughly hewn altar of Beogh.
 55459 | Orc:2    | Found Nutile's Jewellery Boutique.
 55469 | Orc:2    | Bought an uncursed ring of positive energy for 240 gold
                  | pieces
 55505 | Orc:2    | Found Ytum's General Store.
 55518 | Orc:2    | Bought a scroll of identify for 34 gold pieces
 55518 | Orc:2    | Bought a scroll of teleportation for 51 gold pieces
 55518 | Orc:2    | Bought 2 scrolls of fog for 68 gold pieces
 55651 | Orc:2    | Found a roughly hewn altar of Beogh.
 55662 | Orc:2    | Reached skill level 1 in Throwing
 55722 | Orc:2    | Found Guutin's Weapon Boutique.
 55796 | Orc:2    | Found Issibioku's Jewellery Shoppe.
 55820 | Orc:2    | Bought an uncursed ring of positive energy for 320 gold
                  | pieces
 56053 | Orc:2    | Found a staircase to the Elven Halls.
 56791 | Elf:1    | Entered Level 1 of the Elven Halls
 57002 | Elf:1    | Found Fyreocsiuju's Antique Weapon Emporium.
 57255 | Elf:1    | Reached skill level 1 in Polearms
 57255 | Elf:1    | Reached skill level 1 in Staves
 57299 | Elf:1    | Noticed Kirke
 57312 | Elf:1    | Received a gift from Okawaru
 57314 | Elf:1    | Identified the +0 robe of Kiamuur {rPois Stlth+}
 57317 | Elf:1    | Killed Kirke
 57349 | Elf:1    | Received a gift from Okawaru
 57738 | Elf:1    | Found a runed translucent door.
 57740 | Elf:1    | Noticed Hinatoacu's ghost (adept TrTm)
 57758 | Elf:1    | Killed Hinatoacu's ghost
 57977 | Elf:2    | Reached skill level 3 in Polearms
 57978 | Elf:2    | Reached skill level 3 in Staves
 58215 | Elf:2    | Found a transporter.
 58218 | Elf:2    | Reached XP level 24. HP: 221/221 MP: 23/32
 58218 | Elf:2    | Noticed Mayja's ghost (veteran DDBe)
 58240 | Elf:2    | Found Joatz's Book Boutique.
 58240 | Elf:2    | Found Rixzecw's Gadget Boutique.
 58242 | Elf:2    | Found Kingehauw's Antique Armour Boutique.
 58275 | Elf:2    | Found Xiur's Jewellery Boutique.
 58546 | Elf:2    | Found a runed translucent gate.
 58546 | Elf:2    | Found a runed translucent gate.
 58546 | Elf:2    | Found a runed translucent gate.
 58618 | Elf:2    | Found a transporter.
 59232 | Elf:2    | Killed Mayja's ghost
 59297 | Elf:2    | Got a warped iron ring
 59299 | Elf:2    | Identified the ring of Begorr {Ice Str+4} (You found it on
                  | level 2 of the Elven Halls)
 59381 | Elf:3    | Entered Level 3 of the Elven Halls
 59565 | Elf:3    | Noticed Saint Roka
 59599 | Elf:3    | Killed Saint Roka
 59751 | Elf:3    | Reached skill level 6 in Polearms
 59753 | Elf:3    | Received a gift from Okawaru
 59754 | Elf:3    | Reached skill level 6 in Staves
 59808 | Elf:3    | Identified the ring of the Unkillable {*Slow rElec rN+
                  | Str+6 Int+5}
 59893 | Elf:3    | Found the +8 demon blade "Leech" {vamp, *Rage +Rage rN+}
 59893 | Elf:3    | Identified the ring "Veomoc" {Ice rElec Str+4}
 59894 | Elf:3    | Identified the +3 leather armour of Suhik {rF+ Str-3 Int+3
                  | SInv}
 59894 | Elf:3    | Identified the ring of Conformity {rElec rPois rC- rN+
                  | Dex+6}
 59942 | Elf:3    | Identified the Disquisition on Icy Feathers
 59948 | Elf:3    | Identified the ring of Kerr {*Tele rElec rF+ Str+3}
 59956 | Elf:3    | Found the +3 giant club "Skullcrusher" {speed, Str+7}
 60195 | Elf:3    | Noticed Aizul
 60206 | Elf:3    | Killed Aizul
 61196 | Crypt:1  | Entered Level 1 of the Crypt
 61529 | Crypt:1  | Found the amulet of the Air {Inacc +Fly rElec EV+5 RMsl}
 62585 | Crypt:2  | Learned a level 5 spell: Silence
 62961 | Crypt:3  | Entered Level 3 of the Crypt
 62961 | Crypt:3  | Found a staircase to the Tomb.
 63004 | Crypt:3  | Reached skill level 1 in Air Magic
 63125 | Crypt:3  | Received a gift from Okawaru
 63126 | Crypt:3  | Reached skill level 1 in Spellcasting
 63128 | Crypt:3  | Reached XP level 25. HP: 192/231 MP: 1/33
 63198 | Crypt:3  | Got a pair of pitted gloves {god gift}
 63209 | Crypt:3  | Identified the +1 pair of gloves "Ycsiumu" {rC+ Int+6}
                  | (Okawaru gifted it to you on level 3 of the Crypt)
 64046 | Crypt:3  | Reached skill level 15 in Invocations
 64196 | Crypt:3  | Found a basalt altar of Yredelemnul.
 64340 | Crypt:3  | Noticed Jory
 64350 | Crypt:3  | Killed Jory
 64357 | Crypt:3  | Reached skill level 3 in Air Magic
 64364 | Crypt:3  | Received a gift from Okawaru
 64390 | Crypt:3  | Got a pair of steaming gloves {god gift}
 64401 | Crypt:3  | Identified the +1 pair of gloves "Coifaig" {+Inv rPois
                  | Dex+2} (Okawaru gifted it to you on level 3 of the Crypt)
 64557 | Crypt:3  | Identified the Guide on Air and Companions
 64723 | Crypt:3  | Reached skill level 3 in Spellcasting
 64897 | Tomb:1   | Entered Level 1 of the Tomb of the Ancients
 65094 | Tomb:1   | Noticed a royal mummy
 65095 | Tomb:1   | HP: 60/233 [balrug/divine providence[a Zot trap] (11)]
 65107 | Tomb:1   | Noticed a royal mummy
 65112 | Tomb:1   | Noticed a royal mummy
 65117 | Tomb:1   | HP: 49/233 [??? (31)]
 65120 | Tomb:1   | Killed a royal mummy
 65120 | Tomb:1   | Noticed a royal mummy
 65168 | Tomb:1   | HP: 45/233 [torment (28)]
 65193 | Tomb:1   | HP: 59/233 [sphinx (9)]
 65223 | Tomb:1   | HP: 47/233 [??? (29)]
 65228 | Tomb:1   | HP: 47/349 [??? (29)]
 65240 | Tomb:1   | HP: 42/233 [sphinx/divine providence (8)]
 65705 | Tomb:1   | Noticed a royal mummy
 65720 | Tomb:1   | Killed a royal mummy
 65958 | Tomb:1   | Killed a royal mummy
 66183 | Tomb:1   | Identified the Grimoire of Necromancy
 66362 | Tomb:1   | Acquired 925 gold pieces
 66515 | Tomb:2   | Noticed a royal mummy
 66521 | Tomb:2   | HP: 63/233 [??? (39)]
 66525 | Tomb:2   | HP: 31/233 [poisoned by an ushabti (dark miasma)]
 66530 | Tomb:2   | HP: 26/233 [poisoned by an ushabti (dark miasma)]
 66535 | Tomb:2   | HP: 24/233 [poisoned by an ushabti (dark miasma)]
 66540 | Tomb:2   | HP: 26/233 [poisoned by an ushabti (dark miasma)]
 66546 | Tomb:2   | HP: 31/233 [poisoned by an ushabti (dark miasma)]
 66551 | Tomb:2   | HP: 35/233 [poisoned by an ushabti (dark miasma)]
 66716 | Tomb:2   | Noticed a royal mummy
 66726 | Tomb:2   | HP: 67/233 [??? (43)]
 66729 | Tomb:2   | Killed a royal mummy
 66729 | Tomb:2   | HP: 27/233 [torment (15)]
 66733 | Tomb:2   | HP: 1/233 [mummy priest/divine providence (17)]
 66738 | Tomb:2   | HP: 10/233 [torment (5)]
 66821 | Tomb:2   | Noticed a royal mummy
 66827 | Tomb:2   | HP: 54/233 [??? (34)]
 66829 | Tomb:2   | Killed a royal mummy
 66830 | Tomb:2   | Reached XP level 26. HP: 57/242 MP: 22/33
 66849 | Tomb:2   | HP: 69/242 [ushabti] (5)]
 66854 | Tomb:2   | HP: 54/242 [poisoned by an ushabti (dark miasma)]
 66859 | Tomb:2   | HP: 41/242 [poisoned by an ushabti (dark miasma)]
 66864 | Tomb:2   | HP: 36/242 [poisoned by an ushabti (dark miasma)]
 66869 | Tomb:2   | HP: 35/242 [poisoned by an ushabti (dark miasma)]
 66875 | Tomb:2   | HP: 36/242 [poisoned by an ushabti (dark miasma)]
 66880 | Tomb:2   | HP: 38/242 [poisoned by an ushabti (dark miasma)]
 66886 | Tomb:2   | HP: 41/242 [poisoned by an ushabti (dark miasma)]
 66894 | Tomb:2   | HP: 46/242 [poisoned by an ushabti (dark miasma)]
 67299 | Tomb:2   | Received a gift from Okawaru
 67333 | Tomb:2   | HP: 60/242 [torment (38)]
 67539 | Tomb:2   | Noticed a royal mummy
 67552 | Tomb:2   | Killed a royal mummy
 67553 | Tomb:2   | Reached skill level 9 in Evocations
 67755 | Tomb:2   | Killed a royal mummy
 67756 | Tomb:2   | Reached skill level 21 in Armour
 68151 | Tomb:1   | Noticed a royal mummy
 68157 | Tomb:1   | Noticed a royal mummy
 68163 | Tomb:1   | Killed a royal mummy
 68177 | Tomb:1   | Killed a royal mummy
 68177 | Tomb:1   | Gained mutation: You tend to lose your temper in combat.
                  | [mutagenic glow]
 68190 | Tomb:1   | Killed a royal mummy
 68191 | Tomb:1   | Reached skill level 21 in Fighting
 68191 | Tomb:1   | Gained mutation: You are frail. (-10% HP) [mutagenic glow]
 68321 | Tomb:1   | Noticed a royal mummy
 68340 | Tomb:1   | Killed a royal mummy
 68378 | Tomb:1   | Noticed a royal mummy
 68393 | Tomb:1   | Killed a royal mummy
 68514 | Tomb:1   | Noticed a royal mummy
 68524 | Tomb:1   | Killed a royal mummy
 68529 | Tomb:1   | Noticed a royal mummy
 68545 | Tomb:1   | Noticed a royal mummy
 68550 | Tomb:1   | Killed a royal mummy
 68573 | Tomb:1   | Killed a royal mummy
 68573 | Tomb:1   | Received a gift from Okawaru
 68573 | Tomb:1   | HP: 51/219 [something (23)]
 68580 | Tomb:1   | HP: 54/219 [poisoned by an emperor scorpion]
 68587 | Tomb:1   | HP: 58/219 [poisoned by an emperor scorpion]
 68595 | Tomb:1   | HP: 63/219 [poisoned by an emperor scorpion]
 68812 | Tomb:1   | Noticed a royal mummy
 68824 | Tomb:1   | Killed a royal mummy
 68910 | Tomb:1   | Noticed a royal mummy
 68926 | Tomb:1   | Noticed a royal mummy
 68927 | Tomb:1   | Killed a royal mummy
 68945 | Tomb:1   | Killed a royal mummy
 68945 | Tomb:1   | Received a gift from Okawaru
 69167 | Tomb:1   | Noticed a royal mummy
 69182 | Tomb:1   | Killed a royal mummy
 69198 | Tomb:1   | Killed a royal mummy
 69198 | Tomb:1   | Received a gift from Okawaru
 69199 | Tomb:1   | Reached skill level 6 in Air Magic
 69288 | Tomb:1   | Noticed a royal mummy
 69304 | Tomb:1   | Killed a royal mummy
 69347 | Tomb:1   | Noticed a royal mummy
 69363 | Tomb:1   | Killed a royal mummy
 69363 | Tomb:1   | Noticed a royal mummy
 69480 | Tomb:1   | Killed a royal mummy
 69836 | Tomb:3   | Entered Level 3 of the Tomb of the Ancients
 69854 | Tomb:3   | HP: 64/219 [poisoned by an ushabti (dark miasma)]
 69855 | Tomb:3   | Found the +6 shillelagh "Devastator" {shatter}
 69859 | Tomb:3   | HP: 60/219 [poisoned by an ushabti (dark miasma)]
 69864 | Tomb:3   | HP: 59/219 [poisoned by an ushabti (dark miasma)]
 69881 | Tomb:3   | HP: 60/219 [bennu (15)]
 70194 | Tomb:3   | Noticed a royal mummy
 70194 | Tomb:3   | Noticed a royal mummy
 70194 | Tomb:3   | Noticed a royal mummy
 70196 | Tomb:3   | HP: 60/220 [torment (30)]
 70197 | Tomb:3   | HP: 25/220 [royal mummy/divine providence (11)]
 70197 | Tomb:3   | HP: 4/220 [something (10)]
 70198 | Tomb:3   | Slain by a guardian mummy

Levels and vault maps discovered:
D:1:      wander_arrival_estate, layout_basic
D:2:      layout_basic
D:3:      layout_loops_corners, roderic_three_in_a_row,
          kennysheep_generic_room_4, uniq_sigmund, uniq_ijyb
D:4:      layout_rooms, lemuel_crystal_altar, minmay_temple_entry_tees,
          kennysheep_generic_room_10, uniq_duvessa, uniq_edmund,
          uniq_blork_the_orc
D:5:      layout_cave_pools, portal_sewer_entry_f, kennysheep_slug_shrine
D:6:      layout_loops_ring
D:7:      layout_cave_pools, grunt_dithmenos_smoke, uniq_maggie, uniq_menkaure,
          uniq_prince_ribbit1
D:8:      layout_cave_pools, lair_entry_dummy, nicolae_blasting_shop
D:9:      layout_loops_ring, yredelemnul_altar_generic
D:10:     layout_gridville
D:11:     layout_cave_pools, st_stairs_7, uniq_sonja
D:12:     layout_small_grid, david_orc_2, basic_altar
D:13:     layout_roguey, lightli_vaults_fourway_checkpoint
Temple:   kilobyte_greek_temple
Lair:1:   layout_gridlike, grunt_megastairs_4, lemuel_fruit_tree
Lair:2:   nzn_winding_woodlands_three_and_one [nzn_winding_woodlands_5x15_eye,
          nzn_winding_woodlands_5x15_sidewinder,
          nzn_winding_woodlands_5x15_sawtooth,
          nzn_winding_woodlands_center_garden], layout_regular_city,
          skrybe_swamp_entry_bodies
Lair:3:   layout_cellular_growth, grunt_megastairs_1,
          infiniplex_staircase_pool_2, uniq_nergalle
Lair:4:   layout_regular_city, spider_nest_entry_funnel_web, basic_altar,
          gammafunk_ghost_split, infiniplex_staircase_pool, lemuel_fruit_fields,
          lemuel_fruit_fields
Lair:5:   layout_roguey, grunt_megastairs_3
Lair:6:   gammafunk_lair_ancient_temple, layout_regular_city,
          dpeg_slime_entry_enclosed_altar, uniq_josephine, uniq_rupert
Swamp:1:  layout_basic_swamp, hangedman_swamp_ruin_wall
Swamp:2:  layout_basic_swamp, evilmike_swamp_ruin_house_3
Swamp:3:  layout_basic_swamp, lemuel_altar_in_water
Swamp:4:  swamp_vile, layout_basic_swamp, swamp_pool1, nicolae_swamp_snake_nest
Spider:1: layout_spider_delve, ebering_ghost_rock_garden
Spider:2: layout_spider_delve
Spider:3: layout_spider_delve, portal_ice_cave_entry_ice_statue_one,
          hangedman_spider_tarantella_strand
Spider:4: spider_rune_water, minmay_another_anthill
Slime:1:  layout_caves
Slime:2:  layout_caves
Slime:3:  layout_caves
Slime:4:  nicolae_slime_pool, layout_caves, nicolae_slime_barrier
Slime:5:  uniq_dissolution
Orc:1:    layout_caves, uniq_erolcha
Orc:2:    pubby_orc_utopia
Elf:1:    eino_elf_arrival_the_gate, layout_gridlike,
          ebering_ghost_reflecting_pool, serial_shops,
          nicolae_shop_overgrown_old_shop, hangedman_elven_crosses_minicolossus,
          uniq_kirke
Elf:2:    layout_geoelf_diagonals, gammafunk_ghost_berserking_beasts,
          minmay_misc_feat_rows, minmay_shop_grid_forest
Elf:3:    grunt_elf_hall_spiral, layout_gridlike, uniq_saint_roka, uniq_aizul
Vaults:1: vaults_room_fancy_cross, v_pattern_2, v_rooms_5,
          ontoclasm_vaults_misaligned, v_alt_pattern_6, vaults_room_door_hall,
          dpeg_vaults_monster_box, v_misc_30, v_misc_24,
          grunt_vaults_hallway_short, grunt_vaults_hallway_short, v_misc_25,
          serial_ice_m, nicolae_vaults_little_squares_1, vaults_room_door_ring,
          layout_vaults_big_cross
Vaults:2: minmay_crypt_entry_necro_gods, vaults_door_vault,
          ontoclasm_vaults_pinch, v_misc_1, nicolae_vaults_what_the_h,
          vaults_room_pool, v_alt_pattern_6, v_misc_8, ontoclasm_vaults_spin,
          grunt_vaults_funnel, ontoclasm_vaults_ring_small, v_misc_12,
          v_misc_19, ontoclasm_vaults_loading_screen, layout_vaults_omnibox,
          serial_shops, bzr_entry_safe, uniq_margery, uniq_donald, uniq_mara
Vaults:3: hangedman_vaults_stitches, ontoclasm_vaults_water_temple,
          vaults_mumra_hex, nicolae_vaults_network_square,
          vaults_room_stairs_pillars, layout_vaults_omnigrid, mu_enter_wizlab_5
Vaults:4: ontoclasm_vaults_ligature, sword_in_stone, hangedman_vaults_locks,
          v_misc_5, nicolae_vaults_little_squares_4, nicolae_vaults_theta,
          nicolae_vaults_little_ls, nicolae_vaults_twisting_passages,
          nicolae_vaults_rhombus_6, hangedman_vaults_pinch,
          nicolae_vaults_alarming, vaults_room_stairs_pillars,
          nicolae_vaults_mini_display_case, layout_vaults_chaotic_city,
          serial_shops, shop, uniq_mennas
Vaults:5: uniq_boris
Crypt:1:  layout_regular_city, grunt_crypt_arrival_split
Crypt:2:  layout_rooms, grunt_megastairs_5
Crypt:3:  church_of_pain_bobbens, layout_chaotic_city
Tomb:1
Tomb:2
Tomb:3

Action                   |  1- 3 |  4- 6 |  7- 9 | 10-12 | 13-15 | 16-18 | 19-21 | 22-24 | 25-27 || total
-------------------------+-------+-------+-------+-------+-------+-------+-------+-------+-------++-------
Melee: War axe           |    51 |   155 |   404 |   638 |   713 |   160 |   222 |   562 |   645 ||  3550
       Headbutt          |     6 |    24 |    80 |   228 |   377 |   397 |   530 |   555 |   387 ||  2584
       Hand axe          |       |       |    18 |    12 |   103 |     9 |   115 |    31 |    84 ||   372
       Morningstar       |       |       |       |    34 |       |       |     2 |       |       ||    36
       Broad axe         |       |       |       |       |    43 |   699 |   921 |   508 |    12 ||  2183
       Demon trident     |       |       |       |       |    16 |       |       |       |       ||    16
       Executioner's axe |       |       |       |       |       |       |    34 |       |       ||    34
       Dagger            |       |       |       |       |       |       |     9 |       |       ||     9
       Dire flail        |       |       |       |       |       |       |       |   297 |   153 ||   450
       Eveningstar       |       |       |       |       |       |       |       |    36 |       ||    36
 Fire: Hand crossbow     |       |       |       |       |    22 |   153 |   197 |    32 |    52 ||   456
Throw: Dart              |       |       |    33 |    22 |    12 |     1 |     6 |     2 |       ||    76
       Javelin           |       |       |       |       |       |       |       |     6 |       ||     6
Invok: Heroism           |       |       |     3 |     2 |     9 |    11 |    10 |     8 |    13 ||    56
       Finesse           |       |       |       |       |       |       |       |     2 |     6 ||     8
 Abil: Blink             |       |       |       |       |       |       |     4 |     5 |       ||     9
       Evoke Flight      |       |       |       |       |       |       |       |     2 |       ||     2
Evoke: Wand              |       |     1 |       |       |     1 |     1 |       |     3 |     1 ||     7
  Use: Potion            |       |       |     2 |     6 |     7 |     5 |     4 |     9 |    17 ||    50
       Scroll            |       |       |       |    19 |    10 |     7 |     6 |    16 |    15 ||    73
 Stab: Held in net/web   |       |       |       |       |     2 |       |       |       |       ||     2
       Confused          |       |       |       |       |       |     5 |       |       |       ||     5
       Sleeping          |       |       |       |       |       |       |     3 |     1 |       ||     4
       Distracted        |       |       |       |       |       |       |     1 |     3 |       ||     4
       Petrified         |       |       |       |       |       |       |       |     1 |       ||     1
Armor: Scale mail        |    21 |    60 |    28 |       |       |       |       |       |       ||   109
       Chain mail        |       |       |   147 |   146 |   194 |   170 |   189 |   191 |   190 ||  1227
       Ring mail         |       |       |       |       |       |     6 |       |       |       ||     6
       Swamp dragon scal |       |       |       |       |       |       |    11 |       |       ||    11
       Plate armour      |       |       |       |       |       |       |       |    88 |       ||    88
Dodge: Dodged            |    10 |    59 |   130 |   185 |   506 |   463 |   716 |   832 |   587 ||  3488
Block: Kite shield       |    23 |    82 |   280 |   652 |  1061 |   907 |  1424 |  1093 |   811 ||  6333
       Reflection        |       |       |       |    15 |     9 |    30 |    82 |   115 |     3 ||   254
       Other             |       |       |       |       |       |       |    10 |    46 |    26 ||    82
